 Dungeon Crawl Stone Soup version 0.31-a0-182-gc5ef74bbde (webtiles) character file.

Game seed: 14275771595463665562

16942 iguanaiguana the Transmogrifier (level 13, -7/105 HPs)
             Began as a Meteoran Delver on June 19, 2023.
             Was the Champion of Cheibriados.
             Mangled by an enormous slime creature (64 damage)
             ... on level 12 of the Dungeon on June 22, 2023.
             The game lasted 01:00:57 (5539 turns).

iguanaiguana the Transmogrifier (Meteoran Delver)   Turns: 5539, Time: 01:00:57

Health: -7/105     AC: 17    Str: 29    XL:     13   Next: 10%
Magic:  26/26      EV: 24    Int: 38    God:    Cheibriados [******]
Gold:   204        SH:  0    Dex: 31    Spells: 2/28 levels left

rFire   . . .        a - melded +3 trident (heavy)
rCold   . . .        I - melded +0 buckler
rNeg    . . .        M - melded +0 troll leather armour
rPois   ∞            n - melded +0 helmet
rElec   +            G - melded +1 cloak {rCorr}
rCorr   .            (gloves currently unavailable)
SInv    .            q - melded +1 pair of boots
Will    ++...        (no amulet)
Stlth   ++           k - +6 ring of intelligence
HPRegen 0.37/turn    C - ring of willpower
MPRegen 0.20/turn

%: no passive effects
@: storm-form, flying, glowing, very slow
A: cleaving, insubstantial, flying, sense surroundings 2, otherworldly, glowing,
explore regen
a: Blinkbolt, End Transformation, Renounce Religion, Bend Time, Temporal
Distortion, Slouch, Step From Time


You were on level 12 of the Dungeon.
You worshipped Cheibriados.
Cheibriados was exalted by your worship.
You were a lightning-filled tempest!
You visited 2 branches of the dungeon, and saw 13 of its levels.

You collected 644 gold pieces.
You spent 440 gold pieces at shops.

Inventory:

Hand Weapons
 a - a +3 heavy trident (melded)
Missiles
 e - 27 poisoned darts (quivered)
 j - 5 boomerangs
 p - 4 atropa-tipped darts
 A - a throwing net
Armour
 h - the +18 shield of the Gong {Loud rN+ Will+ rCorr EV-5}
   (You found it on level 8 of the Dungeon)

   Loud:      It is deafeningly noisy when blocking attacks.
   EV:        It affects your evasion (-5).
   rN:        It protects you from negative energy.
   rCorr:     It protects you from acid and corrosion.
   Will:      It increases your willpower.
 n - a +0 helmet (melded)
 q - a +1 pair of boots (melded)
 G - a +1 cloak of preservation (melded)
 I - a +0 buckler (melded)
 M - a +0 troll leather armour (melded)
Jewellery
 d - a ring of positive energy
 f - a ring of poison resistance
 k - a +6 ring of intelligence (left fist)
 l - a ring of protection from cold
 s - a ring of ice
 C - a ring of willpower (right fist)
 D - a ring of willpower
 K - a ring of protection from cold
 O - a ring of protection from fire
Wands
 g - a wand of digging (3) {@v3}
 y - a wand of quicksilver (10)
 z - a wand of iceblast (13) {@v2}
 H - a wand of charming (12)
 L - a wand of flame (29)
Scrolls
 c - 3 scrolls of fog
 i - a scroll of teleportation {@r3}
 m - 2 scrolls of revelation
 r - 2 scrolls of blinking {@r4}
 w - a scroll of immolation
 x - a scroll of torment
 B - a scroll of fear
 E - 2 scrolls of amnesia {unknown}
 N - a scroll of summoning {unknown}
 P - a scroll of poison {unknown}
Potions
 b - 2 potions of magic
 o - 2 potions of brilliance
 t - a potion of ambrosia {unknown}
 u - 3 potions of curing {@q1}
 v - a potion of might {unknown}
 F - a potion of berserk rage {unknown}
 J - a potion of resistance {unknown}


   Skills:
 - Level 7.5 Fighting
 - Level 2.4 Long Blades
 - Level 5.7 Throwing
 - Level 5.3 Dodging
 - Level 3.7 Stealth
 - Level 8.0 Spellcasting
 - Level 4.0 Conjurations
 - Level 3.0 Hexes
 - Level 7.2 Summonings
 - Level 3.0 Necromancy
 - Level 3.0 Translocations
 + Level 12.9 Transmutations
 - Level 10.0 Air Magic
 - Level 5.0 Invocations
 - Level 6.2 Evocations


You had 2 spell levels left.
You knew the following spells:

 Your Spells              Type           Power      Damage    Failure   Level
a - Irradiate             Conj/Tmut      34%        3d23      2%          5
b - Airstrike             Air            37%        2d(6-22)  1%          4
c - Call Canine Familiar  Summ           63%        N/A       1%          3
d - Summon Guardian Gole  Hex/Summ       52%        N/A       1%          3
e - Blink                 Tloc           76%        N/A       1%          2
j - Storm Form            Tmut/Air       40%        N/A       19%         7
z - Sublimation of Blood  Necr           38%        N/A       1%          2

Your spell library contained the following spells:

 Spells                   Type           Power      Damage    Failure   Level
 Beastly Appendage        Tmut           100%       N/A       0%          1
 Necrotise                Necr           100%       1d9       1%          1
 Shock                    Conj/Air       100%       1d9       1%          1
 Sting                    Tmut/Pois      100%       1d8       1%          1
 Summon Small Mammal      Summ           100%       N/A       1%          1
 Wereblood                Tmut           85%        N/A       1%          2
 Swiftness                Air            74%        N/A       1%          3
 Blade Hands              Tmut           42%        N/A       1%          5
 Manifold Assault         Tloc           38%        N/A       7%          4
 Dragon Form              Tmut           42%        N/A       11%         7
 Iskenderun's Battlesphe  Conj           45%        2d10      13%         5
 Conjure Ball Lightning   Conj/Air       31%        3x3d10    22%         6
 Fireball                 Conj/Fire      15%        3d8       30%         5
 Summon Hydra             Summ           31%        N/A       71%         7
 Orb of Destruction       Conj           22%        9d8       99%         7


Dungeon Overview and Level Annotations

Branches:
Dungeon (12/15) Zot: 3052  Temple (1/1) D:4 Zot: 1053     Orc (0/2) D:11
   Lair: D:8-11

Altars:
Ashenzari
Cheibriados
Dithmenos
Elyvilon
Fedhas
Gozag
Hepliaklqana
Kikubaaqudgha
Makhleb
Nemelex Xobeh
Okawaru
Qazlal
Ru
Sif Muna
Trog
Uskayaw
Vehumet
Wu Jian
Xom
Yredelemnul
Zin
The Shining One

Shops:
D:10 :

Annotations:
D:8 1 runed translucent door, Jeffwins's ghost, novice OpWn


Innate Abilities, Weirdness & Mutations

You are a lightning-filled tempest!
Your electrical attacks strike out in all directions at once.
You are incredibly evasive.
Your insubstantial body is immune to petrification, constriction, and being set on fire You are flying.
You are immune to poison.
Your armour is entirely melded.
You are incapable of wielding weapons or throwing items.
You passively map the area around you.
You are easily found by Zot.
You glow in the dark.
You regain HP and MP as you explore.


Message History

The yaktaur wields a +0 arbalest.
The yaktaur shoots a bolt.
The bolt hits you!
You swap places.
Your warg bites the titanic slime creature!
The yaktaur shoots a bolt.
The bolt hits you!!
Your warg bites the titanic slime creature!
The titanic slime creature hits your warg!!!!
Your warg dies!
Your warg's corpse disappears in a puff of smoke!
The yaktaur shoots a bolt.
Unknown command.
Okay, then.
Aiming: Charm
Press: ? - help, Shift-Dir - straight line, f - titanic slime creature
Aim: a titanic slime creature (heavily wounded, chance to affect: 47%)
The titanic slime creature resists with some effort.
Unknown command.
Unknown command.
Aiming: Charm
Press: ? - help, Shift-Dir - straight line, f/p - titanic slime creature
Aim: a titanic slime creature (heavily wounded, chance to affect: 47%)
The titanic slime creature resists with some effort.
A titanic slime creature splits.
Unknown command.
Unknown command.
You batter the very large slime creature!!
The very large slime creature is heavily wounded.
You batter the large slime creature!!
Two slime creatures merge to form an enormous slime creature.
A large slime creature splits.
Aiming: Charm
Press: ? - help, Shift-Dir - straight line, f/p - enormous slime creature
Aim: an enormous slime creature (moderately wounded, chance to affect: 47%)
The enormous slime creature resists with some effort.
Aiming: Charm
Press: ? - help, Shift-Dir - straight line, f/p - enormous slime creature
Aim: an enormous slime creature (moderately wounded, chance to affect: 47%)
The enormous slime creature resists with some effort.
The enormous slime creature hits you!!!
Ouch! That really hurt!
You die...

######.....# * ,* ,* ,,
#..... ~ * * * #..... * *
,* #.....####### ** ,
,#.....).....# *
#...........# * , *
#...........#, , , , , ,
#.........J.# ,,
#.........Jv# ,
,,#...##'####J# * *
.#...#.....#c†.J....
'...#.....#........ , ,
######...#.....#........,
,
.........#.....#......##
* ###......#.....#......#
,, ,
#).....#.....#......# , ,
#......#.....#......#


You could see an enormous slime creature, 2 slime creatures and a yaktaur.

Vanquished Creatures
  A boulder beetle (D:11)
  A deep elf pyromancer (D:12)
  A cyclops (D:12)
  Maurice (D:8)
  2 vault sentinels
  3 trolls
  4 slime creatures (D:12)
  2 shadows
  8 yaks
  A wraith (D:9)
  2 wyverns (D:9)
  5 vampire mosquitoes
  Edmund (D:5)
  A water moccasin (D:6)
  Duvessa (D:5)
  4 orc warriors
  A sky beast (D:7)
  A black bear (D:4)
  2 centaurs
  2 phantoms (D:6)
  2 kobold brigands
  A bullfrog (D:6)
  5 wights
  Dowan (D:4)
  5 killer bees
  A crimson imp (D:6)
  2 orc priests (D:6)
  A gnoll bouda (D:9)
  Crazy Yiuf (D:7)
  An iguana (D:6)
  4 orc wizards
  8 gnolls
  7 adders
  2 dart slugs
  12 orcs
  2 ball pythons (D:1)
  2 endoplasms (D:3)
  4 giant cockroaches (D:3)
  7 goblins
  7 hobgoblins
  6 jackals (D:2)
  2 quokkas
  3 bats (D:1)
  5 frilled lizards
  11 kobolds
  3 rats
149 creatures vanquished.

Vanquished Creatures (collateral kills)
  2 two-headed ogres
  A komodo dragon (D:9)
  A troll (D:10)
  2 slime creatures (D:12)
  A shadow (D:12)
  A wyvern (D:9)
  A basilisk (D:9)
  8 yaks
  A wraith (D:11)
  2 vampire mosquitoes (D:11)
  Menkaure (D:7)
  A steam dragon (D:10)
  An acid dragon (D:9)
  2 ice beasts
  2 ogres
  A centaur (D:7)
  A bullfrog (D:9)
  A gnoll sergeant (D:8)
  7 wights
  7 killer bees
  2 howler monkeys
  3 orc priests
  2 iguanas (D:5)
  3 orc wizards
  10 gnolls
  An adder (D:6)
  A white imp (D:6)
  15 orcs
  A goblin (D:4)
  11 kobolds
93 creatures vanquished.

Vanquished Creatures (others)
  Erolcha (D:12)
  A manticore (D:12)
  A gargoyle (D:10)
  4 yaks
  An orc warrior (D:9)
  An ice beast (D:8)
  2 centaurs
  A bullfrog (D:9)
  3 wights
  An orc (D:9)
16 creatures vanquished.

Grand Total: 258 creatures vanquished

Notes
Turn   | Place    | Note
-------+----------+-------------------------------------------
     0 | D:5      | iguanaiguana the Meteoran Delver began the quest for the
                  | Orb.
     0 | D:5      | Reached XP level 1. HP: 19/19 MP: 2/2
     5 | D:5      | Noticed an ogre
    12 | D:4      | Found a staircase to the Ecumenical Temple.
    18 | Temple   | Entered the Ecumenical Temple
    50 | Temple   | Became a worshipper of Cheibriados the Contemplative
    72 | D:4      | Reached XP level 2. HP: 26/26 MP: 3/3
    81 | D:4      | Reached XP level 3. HP: 31/31 MP: 4/4
   143 | D:3      | Reached skill level 1 in Air Magic
   391 | D:1      | Reached * piety under Cheibriados
   526 | D:1      | Reached XP level 4. HP: 38/38 MP: 5/5
   694 | D:2      | Reached ** piety under Cheibriados
  1027 | D:2      | Reached skill level 1 in Throwing
  1128 | D:3      | Reached XP level 5. HP: 42/45 MP: 6/6
  1170 | D:3      | Found an ornate altar of the Wu Jian Council.
  1172 | D:3      | Found an ancient bone altar of Kikubaaqudgha.
  1174 | D:3      | Found a shimmering altar of Xom.
  1423 | D:4      | Found an opulent altar of Gozag.
  1524 | D:4      | Reached skill level 5 in Throwing
  1524 | D:4      | Reached skill level 5 in Dodging
  1524 | D:4      | Reached skill level 5 in Invocations
  1524 | D:4      | Reached XP level 6. HP: 56/60 MP: 6/13
  1529 | D:4      | Learned a level 3 spell: Call Canine Familiar
  1609 | D:4      | Reached *** piety under Cheibriados
  1625 | D:4      | Reached XP level 7. HP: 33/66 MP: 9/14
  1727 | D:5      | Noticed Duvessa
  1727 | D:5      | Noticed Dowan
  1730 | D:5      | Killed Duvessa
  1731 | D:5      | Reached skill level 1 in Transmutations
  1733 | D:4      | Killed Dowan
  1747 | D:5      | Learned a level 4 spell: Airstrike
  1795 | D:5      | Reached XP level 8. HP: 62/73 MP: 15/15
  1871 | D:5      | Upgraded the game from 0.31-a0-180-g519b7de00c to
                  | 0.31-a0-182-gc5ef74bbde
  2033 | D:6      | Reached **** piety under Cheibriados
  2147 | D:5      | Learned a level 2 spell: Blink
  2286 | D:5      | Noticed Edmund
  2295 | D:4      | Reached skill level 5 in Air Magic
  2346 | D:5      | Killed Edmund
  2411 | D:6      | Gained mutation: You passively map the area around you.
                  | [Meteoran growth]
  2411 | D:6      | Reached XP level 9. HP: 75/79 MP: 0/16
  2462 | D:6      | Found a sacrificial altar of Ru.
  2563 | D:6      | Reached ***** piety under Cheibriados
  2630 | D:6      | Found a burning altar of Makhleb.
  2745 | D:7      | Found a glowing golden altar of the Shining One.
  2770 | D:7      | Reached skill level 1 in Translocations
  2826 | D:7      | Reached skill level 5 in Spellcasting
  2826 | D:7      | Reached XP level 10. HP: 74/86 MP: 13/18
  2887 | D:7      | Noticed Menkaure
  2891 | D:7      | Found a runed translucent door.
  2891 | D:7      | Noticed Crazy Yiuf
  2894 | D:7      | Killed Crazy Yiuf
  3061 | D:7      | Found a sparkling altar of Nemelex Xobeh.
  3064 | D:7      | Killed Menkaure
  3070 | D:7      | Learned a level 3 spell: Summon Guardian Golem
  3086 | D:7      | Reached skill level 1 in Hexes
  3511 | D:8      | Noticed Maurice
  3524 | D:8      | Killed Maurice
  3579 | D:8      | Found a hazy altar of Hepliaklqana.
  3693 | D:9      | Got An Initiation into the Hermit's Heritage
  3717 | D:9      | Reached skill level 10 in Air Magic
  3841 | D:9      | Reached XP level 11. HP: 87/92 MP: 15/23
  3849 | D:9      | Found an iron altar of Okawaru.
  3944 | D:9      | Reached skill level 2 in Transmutations
  3973 | D:8      | Noticed Jeffwins's ghost (novice OpWn)
  3973 | D:8      | Noticed a +0 long sword of chaos
  3973 | D:8      | Found a runed translucent door.
  3973 | D:8      | Found a shimmering altar of Xom.
  3980 | D:8      | Noticed a vault sentinel
  3980 | D:8      | Noticed a vault sentinel
  3998 | D:9      | Killed a vault sentinel
  3999 | D:9      | Reached skill level 3 in Transmutations
  4005 | D:8      | Killed a vault sentinel
  4005 | D:8      | Reached ****** piety under Cheibriados
  4006 | D:8      | Reached skill level 4 in Transmutations
  4018 | D:8      | Found the +18 shield of the Gong {Loud rN+ Will+ rCorr
                  | EV-5}
  4219 | D:9      | Reached skill level 5 in Transmutations
  4241 | D:9      | Reached skill level 6 in Transmutations
  4270 | D:9      | Learned a level 7 spell: Storm Form
  4477 | D:10     | Entered Level 10 of the Dungeon
  4487 | D:10     | Found a broken altar of Ashenzari.
  4499 | D:10     | Reached skill level 7 in Transmutations
  4656 | D:10     | Learned a level 2 spell: Sublimation of Blood
  4701 | D:10     | Found Yhips's Book Shop.
  4711 | D:10     | Bought a book of Transfigurations for 440 gold pieces
  4830 | D:11     | Noticed a two-headed ogre
  4839 | D:10     | Killed a two-headed ogre
  4840 | D:10     | Reached skill level 1 in Necromancy
  4850 | D:10     | Reached XP level 12. HP: 81/100 MP: 11/25
  4873 | D:10     | Reached skill level 1 in Conjurations
  4910 | D:11     | Noticed a boulder beetle
  4922 | D:10     | Reached skill level 8 in Transmutations
  4928 | D:10     | Learned a level 5 spell: Irradiate
  5018 | D:11     | Identified the orb of Deutruc {*Rage, Rampage rF+ Will+}
  5060 | D:11     | Reached skill level 9 in Transmutations
  5087 | D:11     | Killed a boulder beetle
  5118 | D:11     | Reached skill level 10 in Transmutations
  5144 | D:11     | Found a staircase to the Orcish Mines.
  5317 | D:12     | Noticed a two-headed ogre
  5323 | D:12     | Killed a two-headed ogre
  5360 | D:12     | Noticed Erolcha
  5369 | D:12     | Killed Erolcha
  5370 | D:12     | Reached skill level 11 in Transmutations
  5389 | D:12     | Noticed a deep elf pyromancer
  5433 | D:12     | Reached skill level 12 in Transmutations
  5523 | D:12     | Reached XP level 13. HP: 105/105 MP: 21/26
  5539 | D:12     | Mangled by an enormous slime creature

Illustrated notes

Levels and vault maps discovered:
D:1:      matt_arrival_diagonals, layout_rooms, dreamdust_wishing_well
D:2:      layout_basic, serial_corexii_hall, corexii_hall_statues_x,
          chequers_hall_statues_corner_a, corexii_hall_statues_s,
          chequers_hall_statues_y
D:3:      layout_rooms, grunt_temple_overflow_diamond
D:4:      layout_cave_pools, grunt_gozag_statues, minmay_temple_entry_offerings
D:5:      layout_basic, uniq_edmund, uniq_duvessa
D:6:      layout_layer_cave, makhleb_grotto_becter,
          mainiacjoe_overflow_cross_hatched
D:7:      layout_gridville, nemelex_xobeh_ov_fountains_minmay,
          old_standard_altar, uniq_crazy_yiuf_cottage, uniq_menkaure
D:8:      layout_layer_cave, nicolae_hepliaklqana_hazy_memory,
          ebering_ghost_xom, hellmonk_guarded_unrand_gong, uniq_maurice
D:9:      layout_roguey, okawaru_gym_becter, erik_lair_dragon
D:10:     layout_rooms, mainiacjoe_overflow_concentric_impassable, serial_shops,
          nicolae_shop_tiny_glass
D:11:     layout_loops_ring, orc_0_dummy, serial_glass, glass_columns_c,
          glass_columns_a
D:12:     nzn_winding_woodlands_cross [nzn_winding_woodlands_5x15_cabin,
          nzn_winding_woodlands_5x15_garden, nzn_winding_woodlands_5x15_zeroes,
          nzn_winding_woodlands_5x15_lazy_stream,
          nzn_winding_woodlands_15x15_thick_spiral], layout_irregular_city,
          nicolae_looking_at_the_future, uniq_nergalle, uniq_erolcha
Temple:   chequers_temple_sunken

Skill      XL: |  1  2  3  4  5  6  7  8  9 10 11 12 |
---------------+-------------------------------------+-----
Evocations     | 2 3 4 6 |  6.2
Air Magic      | 1 2 6 8 10 | 10.0
Throwing       | 1 5 |  5.7
Fighting       | 7 |  7.5
Dodging        | 5 |  5.3
Spellcasting   | 4 5 7 8 |  8.0
Summonings     | 6 7 |  7.2
Invocations    | 5 |  5.0
Transmutations | 1 7 12 | 12.9
Translocations | 2 3 |  3.0
Hexes          | 3 |  3.0
Necromancy     | 2 3 |  3.0
Conjurations   | 4 |  4.0
Long Blades    | |  2.4
Stealth        | |  3.7

Action                     |  1- 3 |  4- 6 |  7- 9 | 10-12 | 13-15 || total
---------------------------+-------+-------+-------+-------+-------++-------
  Melee: Falchion          |    67 |   156 |    16 |       |       ||   239
         Punch             |       |     4 |       |       |       ||     4
         Dagger            |       |       |    39 |    19 |       ||    58
         Rapier            |       |       |    20 |       |       ||    20
         Dire flail        |       |       |    41 |       |       ||    41
         Trident           |       |       |       |   116 |       ||   116
         Unarmed           |       |       |       |     1 |    11 ||    12
  Throw: Dart              |     4 |       |       |    32 |       ||    36
         Throwing net      |       |       |       |     1 |       ||     1
         Boomerang         |       |       |       |     3 |       ||     3
   Cast: Call Canine Famil |       |     3 |    23 |    53 |       ||    79
         Airstrike         |       |       |    24 |    21 |       ||    45
         Blink             |       |       |     1 |     1 |       ||     2
         Summon Guardian G |       |       |       |    36 |       ||    36
         Sublimation of Bl |       |       |       |     3 |       ||     3
         Irradiate         |       |       |       |     2 |       ||     2
         Storm Form        |       |       |       |     1 |       ||     1
  Evoke: Wand              |     6 |       |     5 |     8 |     4 ||    23
    Use: Scroll            |     2 |     5 |     3 |     9 |       ||    19
         Potion            |       |     1 |       |       |       ||     1
   Stab: Distracted        |       |       |     2 |     3 |       ||     5
 Armour: Leather armour    |    29 |    79 |    60 |    52 |       ||   220
         Troll leather arm |       |       |       |     4 |       ||     4
         Skin              |       |       |       |       |     3 ||     3
  Dodge: Dodged            |    65 |   117 |   147 |    95 |    11 ||   435
  Block: Buckler           |       |       |       |    24 |       ||    24
         Kite shield       |       |       |       |   280 |       ||   280

Table legend: (Time is in decaauts)
 A = Elapsed time spent in this place.
 B = Non-inter-level travel time spent in this place.
 C = Inter-level travel time spent in this place.
 D = Time resting spent in this place.
 E = Time spent auto-exploring this place.
 F = Levels seen in this place.
 G = Mean time per level.
                   A        B        C        D        E       F      G
               +--------+--------+--------+--------+--------+-----+--------+
         Total |   8918 |   7661 |   1257 |      0 |      0 |  13 |  686.0 |
       Dungeon |   8864 |   7634 |   1230 |      0 |      0 |  12 |  738.7 |
        Temple |     54 |     28 |     26 |      0 |      0 |   1 |   54.0 |
               +--------+--------+--------+--------+--------+-----+--------+

Top non-repeatable levels by time:
     D:9: 1353 daAuts
    D:10: 974 daAuts
     D:8: 902 daAuts
     D:6: 842 daAuts
     D:7: 812 daAuts
     D:3: 665 daAuts
     D:2: 645 daAuts
     D:5: 632 daAuts
     D:4: 607 daAuts
    D:11: 589 daAuts
     D:1: 447 daAuts
    D:12: 390 daAuts
  Temple: 54 daAuts
